3L
MONTANA PANDAS @ THUNDER BAY NORTHERN LIONS BC
06/04/2020
 
TOP OF THE 1ST
Montana Pandas batting - Pitching for Thunder Bay Northern Lions BC : RHP Jorge Castillo
Pitching: RHP Jorge Castillo
Batting: SHB Rúbem Corvo 0-0: Called Strike
0-1: Foul Ball, location: 2F
0-2: Foul Ball, location: 2F
0-2: Ball
1-2: Fly out, F7 (Flyball, 7LM)
Batting: LHB Kelly Brown 0-0: Ball
1-0: Foul Ball, location: 2F
1-1: Foul Ball, location: 2F
1-2: Foul Ball, location: 2F
1-2: Ball
2-2: Fly out, F3 (Line Drive, 3)
Batting: RHB Nathan Clay 0-0: Ground out U3 (Groundball, 3S)
Top of the 1st over - 0 run(s), 0 hit(s), 0 error(s), 0 left on base; Montana 0 - Thunder Bay 0
BOTTOM OF THE 1ST
Thunder Bay Northern Lions BC batting - Pitching for Montana Pandas : RHP Carlos Ortíz
Pitching: RHP Carlos Ortíz
Batting: LHB Curtis Peters 0-0: Called Strike
0-1: Ball
1-1: Bunted foul
1-2: Fly out, F9 (Flyball, 9LS)
Batting: RHB Taroemon Watanabe 0-0: Ball
1-0: Fly out, F8 (Flyball, 8RXD)
Batting: SHB Arnold Griffith 0-0: Swinging Strike
0-1: SINGLE (Line Drive, 4)
Batting: LHB Keith Bridges 0-0: Ball
1-0: Called Strike
1-1: Ball
2-1: Fly out, F4 (Line Drive, 4MD)
Bottom of the 1st over - 0 run(s), 1 hit(s), 0 error(s), 1 left on base; Montana 0 - Thunder Bay 0
TOP OF THE 2ND
Montana Pandas batting - Pitching for Thunder Bay Northern Lions BC : RHP Jorge Castillo
Batting: RHB Kelly Reed 0-0: Called Strike
0-1: Ball
1-1: Foul Ball, location: 2F
1-2: Ball
2-2: Ball
3-2: Foul Ball, location: 2F
3-2: Strikes out swinging
Batting: RHB Brian King 0-0: Foul Ball, location: 2F
0-1: Ball
1-1: Swinging Strike
1-2: Ball
2-2: Strikes out swinging
Batting: RHB Gil Lowe 0-0: Ball
1-0: SINGLE (Flyball, 6MD)
Batting: RHB Billy Strauss 0-0: Ground out 5-3 (Groundball, 5S)
Top of the 2nd over - 0 run(s), 1 hit(s), 0 error(s), 1 left on base; Montana 0 - Thunder Bay 0
BOTTOM OF THE 2ND
Thunder Bay Northern Lions BC batting - Pitching for Montana Pandas : RHP Carlos Ortíz
Batting: LHB John Brewer 0-0: Called Strike
0-1: Ball
1-1: Foul Ball, location: 2F
1-2: Ball
2-2: Ground out 4-3 (Groundball, 34)
Batting: RHB Robert O'Connor 0-0: Fly out, F4 (Popup, 4D)
Batting: LHB Arnold Cook 0-0: Ball
1-0: Ball
2-0: Called Strike
2-1: Called Strike
2-2: Fly out, F8 (Flyball, 8LM)
Bottom of the 2nd over - 0 run(s), 0 hit(s), 0 error(s), 0 left on base; Montana 0 - Thunder Bay 0
TOP OF THE 3RD
Montana Pandas batting - Pitching for Thunder Bay Northern Lions BC : RHP Jorge Castillo
Batting: SHB Arnold Smith 0-0: Ball
1-0: Called Strike
1-1: Ball
2-1: Ball
3-1: Called Strike
3-2: Strikes out looking
Batting: RHB Carlos Ortíz 0-0: Ball
1-0: Swinging Strike
1-1: Foul Ball, location: 2F
1-2: Foul Ball, location: 2F
1-2: Ball
2-2: Strikes out swinging
Batting: SHB Rúbem Corvo 0-0: Called Strike
0-1: Foul Ball, location: 2F
0-2: Ball
1-2: Ball
2-2: Strikes out swinging
Top of the 3rd over - 0 run(s), 0 hit(s), 0 error(s), 0 left on base; Montana 0 - Thunder Bay 0
BOTTOM OF THE 3RD
Thunder Bay Northern Lions BC batting - Pitching for Montana Pandas : RHP Carlos Ortíz
Batting: RHB Jonathan Cook 0-0: Ball
1-0: SINGLE (Groundball, 4MD)
Batting: RHB Jorge Castillo 0-0: Bunted foul
0-1: Sac Bunt - play at first, batter OUT! 1-4
Jonathan Cook to second
Batting: LHB Curtis Peters 0-0: Called Strike
0-1: Ball
1-1: Ball
2-1: Ground out 4-3 (Groundball, 4)
Jonathan Cook to third
Batting: RHB Taroemon Watanabe 0-0: Fly out, F8 (Flyball, 8RXD)
Bottom of the 3rd over - 0 run(s), 1 hit(s), 0 error(s), 1 left on base; Montana 0 - Thunder Bay 0
TOP OF THE 4TH
Montana Pandas batting - Pitching for Thunder Bay Northern Lions BC : RHP Jorge Castillo
Batting: LHB Kelly Brown 0-0: Swinging Strike
0-1: Called Strike
0-2: Ball
1-2: Hit by Pitch
Batting: RHB Nathan Clay 0-0: Called Strike
0-1: Swinging Strike
0-2: Foul Ball, location: 2F
0-2: Strikes out swinging
Batting: RHB Kelly Reed 0-0: Ball
1-0: Called Strike
1-1: Foul Ball, location: 2F
1-2: Strikes out swinging
Batting: RHB Brian King 0-0: Ball
1-0: Foul Ball, location: 2F
1-1: Foul Ball, location: 2F
1-2: Ball
2-2: Strikes out swinging
Top of the 4th over - 0 run(s), 0 hit(s), 0 error(s), 1 left on base; Montana 0 - Thunder Bay 0
BOTTOM OF THE 4TH
Thunder Bay Northern Lions BC batting - Pitching for Montana Pandas : RHP Carlos Ortíz
Batting: SHB Arnold Griffith 0-0: Called Strike
0-1: Ball
1-1: Ball
2-1: Swinging Strike
2-2: Foul Ball, location: 2F
2-2: Foul Ball, location: 2F
2-2: Foul Ball, location: 2F
2-2: Fly out, F7 (Flyball, 7M)
Batting: LHB Keith Bridges 0-0: Ball
1-0: Ball
2-0: Ball
3-0: Base on Balls
Batting: LHB John Brewer 0-0: Ball
1-0: Ball
2-0: Ball
3-0: Base on Balls
Keith Bridges to second
Batting: RHB Robert O'Connor 0-0: Called Strike
0-1: Foul Ball, location: 2F
0-2: SINGLE (Groundball, 4M)
Keith Bridges to third
John Brewer to second
Runner from 3rd tries for Home, throw and OUT!
Batting: LHB Arnold Cook 0-0: Reached on error, E4 (Groundball, 4)
John Brewer to third
Robert O'Connor to second
Batting: RHB Jonathan Cook 0-0: Foul Ball, location: 2F
0-1: SINGLE (Line Drive, 6MD)
John Brewer scores
Robert O'Connor to third
Arnold Cook to second
Runner from 3rd tries for Home, SAFE, no throw or cutoff
Batting: RHB Jorge Castillo 0-0: Ball
1-0: Called Strike
1-1: Called Strike
1-2: Ground out U3 (Groundball, 3)
Bottom of the 4th over - 2 run(s), 2 hit(s), 1 error(s), 2 left on base; Montana 0 - Thunder Bay 2
TOP OF THE 5TH
Montana Pandas batting - Pitching for Thunder Bay Northern Lions BC : RHP Jorge Castillo
Batting: RHB Gil Lowe 0-0: Foul Ball, location: 2F
0-1: Ball
1-1: Ball
2-1: Ground out 4-3 (Groundball, 4)
Batting: RHB Billy Strauss 0-0: Ball
1-0: Swinging Strike
1-1: Ball
2-1: Swinging Strike
2-2: Strikes out swinging
Batting: SHB Arnold Smith 0-0: Foul Ball, location: 2F
0-1: Ball
1-1: Fly out, F9 (Flyball, 9M)
Top of the 5th over - 0 run(s), 0 hit(s), 0 error(s), 0 left on base; Montana 0 - Thunder Bay 2
BOTTOM OF THE 5TH
Thunder Bay Northern Lions BC batting - Pitching for Montana Pandas : RHP Carlos Ortíz
Batting: LHB Curtis Peters 0-0: Ball
1-0: Ball
2-0: Swinging Strike
2-1: Ball
3-1: Bunt for hit - play at first, batter OUT! 1-3
Batting: RHB Taroemon Watanabe 0-0: Called Strike
0-1: Fly out, F7 (Flyball, 7M)
Batting: SHB Arnold Griffith 0-0: SOLO HOME RUN (Flyball, 89XD), Distance : 405 ft
Batting: LHB Keith Bridges 0-0: Foul Ball, location: 2F
0-1: Ball
1-1: Fly out, F8 (Popup, 4MD)
Bottom of the 5th over - 1 run(s), 1 hit(s), 0 error(s), 0 left on base; Montana 0 - Thunder Bay 3
TOP OF THE 6TH
Montana Pandas batting - Pitching for Thunder Bay Northern Lions BC : RHP Jorge Castillo
Batting: RHB Carlos Ortíz 0-0: Called Strike
0-1: Foul Ball, location: 2F
0-2: Ball
1-2: Foul Ball, location: 2F
1-2: Fly out, F6 (Popup, 6M)
Batting: SHB Rúbem Corvo 0-0: Ball
1-0: Foul Ball, location: 2F
1-1: Foul Ball, location: 2F
1-2: Fly out, F8 (Line Drive, 8RM)
Batting: LHB Kelly Brown 0-0: Ball
1-0: Ground out 4-3 (Groundball, 4)
Top of the 6th over - 0 run(s), 0 hit(s), 0 error(s), 0 left on base; Montana 0 - Thunder Bay 3
BOTTOM OF THE 6TH
Thunder Bay Northern Lions BC batting - Pitching for Montana Pandas : RHP Carlos Ortíz
Batting: LHB John Brewer 0-0: Ball
1-0: Called Strike
1-1: Foul Ball, location: 2F
1-2: Fly out, F8 (Flyball, 8LD)
Batting: RHB Robert O'Connor 0-0: Foul Ball, location: 2F
0-1: Ball
1-1: Ball
2-1: Foul Ball, location: 2F
2-2: Foul Ball, location: 2F
2-2: Foul Ball, location: 2F
2-2: DOUBLE (Line Drive, 78D)
Batting: LHB Arnold Cook 0-0: Ground out 6-3 (Groundball, 6)
Batting: RHB Jonathan Cook 0-0: Intentional Walk
Batting: RHB Jorge Castillo 0-0: Foul Ball, location: 2F
0-1: Ground out 6-3 (Groundball, 6)
Bottom of the 6th over - 0 run(s), 1 hit(s), 0 error(s), 2 left on base; Montana 0 - Thunder Bay 3
TOP OF THE 7TH
Montana Pandas batting - Pitching for Thunder Bay Northern Lions BC : RHP Jorge Castillo
Batting: RHB Nathan Clay 0-0: Called Strike
0-1: Foul Ball, location: 2F
0-2: Ball
1-2: Ball
2-2: Strikes out swinging
Batting: RHB Kelly Reed 0-0: Ball
1-0: Foul Ball, location: 2F
1-1: Foul Ball, location: 2F
1-2: Foul Ball, location: 2F
1-2: Fly out, F9 (Flyball, 9LS)
Batting: RHB Brian King 0-0: Foul Ball, location: 2F
0-1: Ball
1-1: Ball
2-1: Fly out, F7 (Flyball, 7D)
Top of the 7th over - 0 run(s), 0 hit(s), 0 error(s), 0 left on base; Montana 0 - Thunder Bay 3
BOTTOM OF THE 7TH
Thunder Bay Northern Lions BC batting - Pitching for Montana Pandas : RHP Carlos Ortíz
Batting: LHB Curtis Peters 0-0: Called Strike
0-1: Ball
1-1: Fly out, F8 (Line Drive, 8LM)
Batting: RHB Taroemon Watanabe 0-0: Called Strike
0-1: Swinging Strike
0-2: Foul Ball, location: 2F
0-2: Ground out 6-3 (Groundball, 6)
Batting: SHB Arnold Griffith 0-0: Fly out, F9 (Flyball, 89M)
Bottom of the 7th over - 0 run(s), 0 hit(s), 0 error(s), 0 left on base; Montana 0 - Thunder Bay 3
TOP OF THE 8TH
Montana Pandas batting - Pitching for Thunder Bay Northern Lions BC : RHP Jorge Castillo
Batting: RHB Gil Lowe 0-0: Swinging Strike
0-1: Foul Ball, location: 2F
0-2: Ground out 2-3 (Groundball, 23)
Batting: RHB Billy Strauss 0-0: Foul Ball, location: 2F
0-1: Ball
1-1: Ball
2-1: Hit by Pitch
Batting: SHB Arnold Smith 0-0: Ball
1-0: Called Strike
1-1: Fly out, F7 (Flyball, 78M)
Pinch Hitting: LHB Jerry Mitchell 0-0: Ball
1-0: Ball
2-0: Ground out 4-3 (Groundball, 34)
Top of the 8th over - 0 run(s), 0 hit(s), 0 error(s), 1 left on base; Montana 0 - Thunder Bay 3
BOTTOM OF THE 8TH
Thunder Bay Northern Lions BC batting - Pitching for Montana Pandas : RHP Carlos Ortíz
Pitching: RHP David Ramos
Batting: LHB Keith Bridges 0-0: Ball
1-0: Ground out 3-1 (Groundball, 34)
Batting: LHB John Brewer 0-0: Fly out, F8 (Flyball, 8LD)
Batting: RHB Robert O'Connor 0-0: Called Strike
0-1: Ball
1-1: Ball
2-1: Called Strike
2-2: Ball
3-2: Base on Balls
Batting: LHB Arnold Cook 0-0: Foul Ball, location: 2F
0-1: Ball
1-1: Ball
2-1: Ball
3-1: Called Strike
3-2: Strikes out swinging
Bottom of the 8th over - 0 run(s), 0 hit(s), 0 error(s), 1 left on base; Montana 0 - Thunder Bay 3
TOP OF THE 9TH
Montana Pandas batting - Pitching for Thunder Bay Northern Lions BC : RHP Jorge Castillo
Batting: SHB Rúbem Corvo 0-0: Fly out, F5 (Line Drive, 5S)
Batting: LHB Kelly Brown 0-0: Called Strike
0-1: Ball
1-1: SINGLE (Groundball, 4M)
Pitching: LHP Jake O'Tomalty
Now in RF: David Smith
Batting: RHB Nathan Clay 0-0: Ball
1-0: Foul Ball, location: 2F
1-1: Ball
2-1: Fly out, F8 (Flyball, 8LM)
Batting: RHB Kelly Reed 0-0: Ball
1-0: Ball
2-0: Called Strike
2-1: Called Strike
2-2: Foul Ball, location: 2F
2-2: Strikes out swinging
Top of the 9th over - 0 run(s), 1 hit(s), 0 error(s), 1 left on base; Montana 0 - Thunder Bay 3
This league is powered by Out of the Park Baseball, the baseball management simulation game for PC, Mac and Linux
Friday, October 23rd, 2015 - OOTP Baseball 16.9 Build 39